 Dungeon Crawl Stone Soup version 0.23.2-33-g5129a83184 (webtiles) character file.

Game seed: 16431753088398268462

96 MalarOregon the Magician (level 4, -10/37 HPs)
             Began as a Ghoul Wizard on July 11, 2019.
             Was an Initiate of Makhleb.
             Mangled by an orc warrior
             ... wielding a +0 mace
              (18 damage)
             ... on level 2 of the Dungeon.
             The game lasted 00:05:11 (2369 turns).

MalarOregon the Magician (Ghoul Wizard)             Turns: 2369, Time: 00:05:12

Health: -10/37     AC:  2    Str: 10    XL:     4   Next: 67%
Magic:  6/8        EV: 11    Int: 14    God:    Makhleb [......]
Gold:   61         SH:  0    Dex:  4    Spells: 1/9 levels left

rFire    . . .     SeeInvis .   k - +0 dagger (venom)
rCold    + . .     Gourm    .   (no shield)
rNeg     + + +     Faith    .   a - +0 robe
rPois    ∞         Spirit   .   b - +0 hat
rElec    .         Reflect  .   (no cloak)
rCorr    .         Harm     .   (no gloves)
MR       .....                  (no boots)
Stlth    +.........             (no amulet)
HPRegen  0.00/turn              g - -3 ring of dexterity (curse)
MPRegen  0.11/turn              (no ring)

@: rotting
A: rotting body, claws 1, carnivore, cold resistance 1, negative energy
resistance 3, inhibited regeneration, torment resistance, unbreathing
a: Renounce Religion


You were on level 2 of the Dungeon.
You worshipped Makhleb.
Makhleb was noncommittal.
You were not hungry.

You visited 1 branch of the dungeon, and saw 2 of its levels.

You collected 61 gold pieces.

Inventory:

Hand Weapons
 k - a +0 dagger of venom (weapon)
   (You took it off a goblin on level 1 of the Dungeon)
Armour
 a - a +0 robe (worn)
 b - a +0 hat (worn)
Jewellery
 g - a cursed -3 ring of dexterity (left claw)
   (You found it on level 1 of the Dungeon)
 h - an uncursed ring of magical power {unknown}
   (You found it on level 1 of the Dungeon)
Wands
 u - a wand of paralysis (8)
   (You found it on level 2 of the Dungeon)
Scrolls
 f - a scroll of fear {unknown}
 l - a scroll of blinking {unknown}
 m - a scroll of enchant armour {unknown}
Potions
 d - a potion of agility {unknown}
 i - a potion of berserk rage {unknown}
 j - a potion of degeneration {unknown}
Comestibles
 e - 6 rations {!d}


   Skills:
 + Level 2.5 Fighting
 - Level 1.7 Dodging
 - Level 2.1 Stealth
 + Level 3.4 Spellcasting
 - Level 1.0 Conjurations
 + Level 1.2 Summonings
 * Level 1.4 Translocations
 + Level 0.3 Air Magic
 + Level 0.4 Poison Magic


You had one spell level left.
You knew the following spells:

 Your Spells              Type           Power        Failure   Level  Hunger
a - Magic Dart            Conj           #...         14%         1    #......
b - Blink                 Tloc           N/A          17%         2    ##.....
f - Mephitic Cloud        Conj/Pois/Air  #.......     43%         3    ###....
x - Call Imp              Summ           #.......     19%         2    ##.....

Your spell library contained the following spells:

 Spells                   Type           Power        Failure   Level  Hunger
 Slow                     Hex            #.......     30%         2    ##.....
 Conjure Flame            Conj/Fire      #.......     45%         3    ###....


Dungeon Overview and Level Annotations

Branches:
Dungeon (2/15)

Altars:
Dithmenos
Makhleb
Nemelex Xobeh
Xom
Zin

Annotations:
D:2 2 transporters


Innate Abilities, Weirdness & Mutations

Your body is rotting away.
You thrive on raw meat.
You are immune to poison.
You have sharp fingernails.
You are carnivorous and can eat meat at any time.
Your flesh is cold resistant. (rC+)
You are immune to negative energy. (rN+++)
You do not regenerate when monsters are visible.
You are immune to unholy pain and torment.
You can survive without breathing.


Message History

An orc is nearby!
The orc shouts!
The orc hits you with a +0 mace.
You hit the orc.
The orc is poisoned.
The orc hits you with a +0 mace.
* * * LOW HITPOINT WARNING * * *
You barely miss the orc. The orc closely misses you.
You hit the orc.
The orc looks even sicker.
The orc hits you with a +0 mace.
* * * LOW HITPOINT WARNING * * *
You hit the orc.
You kill the orc!
Makhleb accepts your kill.
Things that are here:
a +0 mace; an orc corpse You butcher the orc corpse.
c - 3 chunks of flesh
Things that are here:
a +0 mace; an orc skeleton You start resting.
The orc warrior is too close now for your liking.
The orc warrior shouts!
u - a wand of paralysis (8)
There are no items here.
Eat one of 3 chunks of flesh? (ye/n/q)
You eat one of the 3 chunks of flesh.
This raw flesh tastes great!
Found 16 stones.
The orc shouts!
Eat one of 2 chunks of flesh? (ye/n/q)
You eat one of the 2 chunks of flesh.
This raw flesh tastes great!
You hit the orc.
The orc is poisoned.
The orc hits you with a +0 hand axe!
You hit the orc.
The orc looks as sick as possible!
You kill the orc!
Makhleb accepts your kill.
Eat a chunk of flesh? (ye/n/q)
You eat the chunk of flesh.
This raw flesh tastes great!
The orc warrior hits you but does no damage.
You eat one of the 7 rations {!d}.
That ration really hit the spot!
You hit the orc warrior but do no damage.
The orc warrior is poisoned.
The orc warrior hits you with a +0 mace!!
Ouch! That really hurt!
* * * LOW HITPOINT WARNING * * *
Things that are here:
a +0 hand axe; 7 gold pieces; an orc corpse The orc warrior looks more healthy.
Things that are here:
a +0 hand axe; 7 gold pieces; an orc corpse
Okay, then.
A shadowy apparition takes form in the air.
The orc warrior hits you with a +0 mace!!
You die...

.....÷.........##.##§§§##
................#.###§#.#
..............#....##..#
..............###......#
........<.....## #)....#####
..............>###.###.....# #
#.....#........##..# ##....#..
########.#.....5...###........
#..#.....@o............
#.##....##.##.........
#..)#...##)##.........
###########..........#........
..............................
#########(...........#####....
###...########### .(. #....##
## #....#


You could see an orc warrior and a friendly shadow imp.

Vanquished Creatures
  An orc priest (D:2)
  2 adders
  An adder skeleton (D:2)
  A worm (D:2)
  2 orcs (D:2)
  A giant cockroach (D:1)
  7 hobgoblins
  A ball python (D:2)
  7 bats
  3 frilled lizards (D:1)
  6 goblins
  5 kobolds (D:2)
  8 rats (D:1)
45 creatures vanquished.

Notes
Turn   | Place    | Note
-------+----------+-------------------------------------------
     0 | D:1      | MalarOregon the Ghoul Wizard began the quest for the Orb.
     0 | D:1      | Reached XP level 1. HP: 14/14 MP: 3/3
   216 | D:1      | Reached skill level 1 in Conjurations
   299 | D:1      | Reached skill level 1 in Fighting
   299 | D:1      | Reached XP level 2. HP: 23/23 MP: 0/4
   512 | D:1      | Reached skill level 3 in Spellcasting
   960 | D:2      | Noticed an orc warrior
   971 | D:1      | Reached XP level 3. HP: 7/29 MP: 6/6
  1251 | D:2      | Found a shadowy altar of Dithmenos.
  1791 | D:1      | Learned a level 2 spell: Blink
  1794 | D:1      | Learned a level 2 spell: Call Imp
  1798 | D:1      | Learned a level 3 spell: Mephitic Cloud
  1847 | D:2      | Reached skill level 1 in Summonings
  1847 | D:2      | Reached skill level 1 in Translocations
  1847 | D:2      | Reached XP level 4. HP: 29/37 MP: 2/8
  2022 | D:2      | Found a shimmering altar of Xom.
  2024 | D:2      | Found a sparkling altar of Nemelex Xobeh.
  2035 | D:2      | Found a transporter.
  2047 | D:2      | Found a transporter.
  2179 | D:2      | Found a glowing silver altar of Zin.
  2180 | D:2      | Found a burning altar of Makhleb.
  2181 | D:2      | Noticed an angel
  2183 | D:2      | Noticed a balrug
  2232 | D:2      | Became a worshipper of Makhleb the Destroyer
  2369 | D:2      | Mangled by an orc warrior

Skill      XL: |  1  2  3 |
---------------+----------+-----
Conjurations   | 1 |  1.0
Fighting       | 1 2 |  2.5
Spellcasting   | 3 |  3.4
Summonings     | 1 |  1.2
Translocations | 1 |  1.4
Dodging        | |  1.7
Stealth        | |  2.1
Air Magic      | |  0.3
Poison Magic   | |  0.4

Action                   |  1- 3 |  4- 6 || total
-------------------------+-------+-------++-------
Melee: Unarmed           |    19 |       ||    19
       Dagger            |    87 |    56 ||   143
 Cast: Magic Dart        |    28 |       ||    28
       Call Imp          |       |     1 ||     1
  Use: Scroll            |     4 |       ||     4
 Stab: Sleeping          |     1 |       ||     1
  Eat: Chunk             |     4 |     5 ||     9
       Ration            |       |     1 ||     1
Armor: Robe              |    24 |    23 ||    47
Dodge: Dodged            |    89 |    47 ||   136
